 Dungeon Crawl Stone Soup version 0.24.0-41-g2ae2f7f1be (webtiles) character file.

Game seed: 14204760528465149769, levelgen mode: deterministic

45 Gwanngwann the Grave Robber (level 3, -5/26 HPs)
             Began as a Ghoul Necromancer on Dec 13, 2019.
             Slain by a gnoll
             ... wielding a +0 halberd
              (11 damage)
             ... on level 2 of the Dungeon.
             The game lasted 00:18:01 (1644 turns).

Gwanngwann the Grave Robber (Ghoul Necromancer)     Turns: 1644, Time: 00:18:02

Health: -5/26      AC:  3    Str: 11    XL:     3   Next: 64%
Magic:  1/5        EV: 12    Int: 10    God:
Gold:   79         SH:  0    Dex: 10    Spells: 5/6 levels left

rFire    . . .     SeeInvis .   e - +1 short sword
rCold    + . .     Gourm    .   (no shield)
rNeg     + + +     Faith    .   (no armour)
rPois    ∞         Spirit   .   (no helmet)
rElec    .         Reflect  .   (no cloak)
rCorr    .         Harm     .   (no gloves)
MR       .....                  (no boots)
Stlth    ++........             (no amulet)
HPRegen  0.00/turn              t - +3 ring of protection
MPRegen  0.09/turn              (no ring)

@: rotting
A: rotting body, claws 1, carnivore, cold resistance 1, negative energy
resistance 3, inhibited regeneration, torment resistance, unbreathing
a: no special abilities


You were on level 2 of the Dungeon.
You were not hungry.

You visited 1 branch of the dungeon, and saw 2 of its levels.

You collected 79 gold pieces.

Inventory:

Hand Weapons
 b - a +0 club
 e - a +1 short sword (weapon)
 f - a +0 mace
 h - a +0 hunting sling
Armour
 a - a +0 robe
 d - a cursed +0 robe
 j - a +0 scale mail
 m - a +0 robe
 n - a +0 scale mail
Jewellery
 t - a +3 ring of protection (left claw)
Potions
 g - a potion of cancellation
 k - a potion of haste
 l - a potion of curing {unknown}
 o - a potion of agility {unknown}
Comestibles
 c - 3 rations
 i - 4 chunks of flesh


   Skills:
 + Level 0.5 Short Blades
 + Level 2.0 Dodging
 + Level 2.2 Stealth
 + Level 0.4 Unarmed Combat
 + Level 2.2 Spellcasting
 + Level 4.6 Necromancy


You had 5 spell levels left.
You knew the following spells:

 Your Spells              Type           Power        Failure   Level  Hunger
a - Pain                  Necr           ##..         4%          1    ##.....

Your spell library contained the following spells:

 Spells                   Type           Power        Failure   Level  Hunger
 Animate Skeleton         Necr           N/A          4%          1    ##.....
 Vampiric Draining        Necr           ##........   14%         3    ####...
 Regeneration             Chrm/Necr      #.........   34%         3    ####...
 Animate Dead             Necr           N/A          41%         4    #####..


Dungeon Overview and Level Annotations

Branches:
Dungeon (2/15)

Altars:
Ashenzari
Dithmenos
Gozag


Innate Abilities, Weirdness & Mutations

Your body is rotting away.
You thrive on raw meat.
You are immune to poison.
You have sharp fingernails.
You are carnivorous and can eat meat at any time.
Your flesh is cold resistant. (rC+)
You are immune to negative energy. (rN+++)
You do not regenerate when monsters are visible.
You are immune to unholy pain and torment.
You can survive without breathing.


Message History

Press: ? - help, Shift-Dir - straight line, f - gnoll
Aim: a gnoll, wielding a +0 halberd (chance to defeat MR: 71%)
The gnoll writhes in agony.
The gnoll throws a throwing net.
The throwing net hits you.
You become entangled in the net!
You tear a large gash into the net.
You struggle against the net.
You rip the net and break free!
The gnoll hits you from afar with a +0 halberd!
The gnoll barely misses you.
There is an open door here.
You open the large door. The gnoll misses you.
There is a large open door here.
You miss the frilled lizard. The frilled lizard bites you.
The gnoll hits you from afar with a +0 halberd!
* * * LOW HITPOINT WARNING * * *
You hit the frilled lizard.
You kill the frilled lizard!
The gnoll hits you but does no damage.
The gnoll hits you from afar with a +0 halberd!
You die...

****,,≈≈##.≈.#......#≈≈P..###≈*
*,,*,≈≈≈≈##≈≈.......≈≈..###≈,,*
*,,*≈≈≈≈≈≈##≈≈......≈.###≈,,,,*
*,,*≈≈≈≈≈≈≈###.....≈≈##≈≈≈,,,**
*,,*,≈≈≈≈≈≈≈*###'#####≈≈≈≈,,,**
*+**,,≈≈≈≈≈≈≈≈*#..#*≈≈≈≈≈≈≈,,,*
*,,,,,,≈≈≈≈≈≈*##gg##*≈≈≈≈≈≈≈,,*
*******≈≈≈≈≈**#†...#*****≈≈,,,*
*≈≈≈≈≈≈≈≈≈≈≈* #@...# *≈≈≈≈,,,,*
*≈≈≈≈≈≈≈≈≈≈** #....# *≈≈≈≈,,,,*
****≈≈≈≈≈*****#....#*****≈,,,,*
**≈≈≈≈≈≈≈≈≈≈≈*.####.#≈≈≈≈,,,,**
*≈≈≈≈≈≈≈≈≈≈≈≈≈#* *#≈≈≈≈,,,,**
**≈≈≈≈≈≈≈≈≈≈##* *##≈,,,,**
************ **#****


You could see 2 gnolls.

Vanquished Creatures
  A gnoll (D:2)
  A leopard gecko (D:1)
  7 bats
  2 giant cockroaches
  3 goblins (D:1)
  4 hobgoblins
  2 kobolds
  7 frilled lizards
  6 rats
33 creatures vanquished.

Notes
Turn   | Place    | Note
-------+----------+-------------------------------------------
     0 | D:1      | Gwanngwann the Ghoul Necromancer began the quest for the
                  | Orb.
     0 | D:1      | Reached XP level 1. HP: 14/14 MP: 2/2
   186 | D:1      | Reached XP level 2. HP: 12/19 MP: 0/4
   985 | D:2      | Reached XP level 3. HP: 26/26 MP: 2/5
  1042 | D:2      | Found an opulent altar of Gozag.
  1042 | D:2      | Found a shadowy altar of Dithmenos.
  1042 | D:2      | Found a shattered altar of Ashenzari.
  1486 | D:2      | Found a faded altar of an unknown god.
  1644 | D:2      | Slain by a gnoll

Levels and vault maps discovered:
D:1:      tarquinn_simple_flora_water_b, layout_basic
D:2:      wad_lake_hut, layout_basic, gammafunk_temple_overflow_claw,
          chequers_ecumenical_altar_grove

Skill      XL: |  1  2  3 |
---------------+----------+-----
Spellcasting   | 2 |  2.2
Dodging        | 2 |  2.0
Short Blades   | |  0.5
Stealth        | |  2.2
Unarmed Combat | |  0.4
Necromancy     | |  4.6

Action                   || total
-------------------------++-------
Melee: Club              ||    19
       Unarmed           ||    11
       Short sword       ||    36
 Cast: Pain              ||    51
  Use: Scroll            ||    11
  Eat: Chunk             ||     6
Armor: Robe              ||    19
Dodge: Dodged            ||    57
